 Dungeon Crawl Stone Soup version 0.24-a0-378-g94936e5 (webtiles) character file.

Game seed: 1288129640087280069

76171 r3xj the Severer (level 15, 0/139 HPs)
             Began as a Minotaur Berserker on June 2, 2019.
             Was the Champion of Trog.
             Killed from afar by a catoblepas (2 damage)
             ... with a blast of calcifying dust
             ... on level 3 of the Lair of Beasts.
             The game lasted 01:38:25 (17490 turns).

r3xj the Severer (Minotaur Berserker)              Turns: 17490, Time: 01:38:25

Health: 0/139      AC: 29    Str: 31    XL:     15   Next: 11%
Magic:  0/14       EV: 18    Int:  9    God:    Trog [******]
Gold:   1177       SH:  8    Dex: 16    Spells: 14/14 levels left

rFire    . . .     SeeInvis +   p - +2 broad axe (chop)
rCold    . . .     Gourm    .   P - +1 buckler {AC+3}
rNeg     . . .     Faith    .   F - +6 chain mail of the Meadowlark {-Tele Str+6 Int+5}
rPois    .         Spirit   +   (helmet restricted)
rElec    .         Reflect  .   s - scarf {Spirit}
rCorr    .         Harm     .   D - +0 pair of gloves {Str+3}
MR       +....     NoTele   +   (no boots)
Stlth    ..........             R - amulet of rage
HPRegen  0.33/turn              O - +6 ring of protection (curse)
MPRegen  0.14/turn              r - ring of see invisible

@: lethally poisoned (0 -> 0), barbed spikes, berserk cooldown, slowed, very
slow
A: retaliatory headbutt, horns 2
a: Berserk, Trog's Hand, Brothers in Arms, Renounce Religion, Evoke Berserk Rage


You were on level 3 of the Lair of Beasts.
You worshipped Trog.
Trog was exalted by your worship.
You were not hungry.

You visited 2 branches of the dungeon, and saw 19 of its levels.
You also visited: Ossuary, Ice Cave and Volcano.

You collected 1338 gold pieces.
You spent 161 gold pieces at shops.

Inventory:

Hand Weapons
 a - a +2 war axe of chopping
 i - a +1 antimagic hand axe
 j - a +2 battleaxe of freezing
 p - a +2 broad axe of chopping (weapon)
 C - a +1 executioner's axe of electrocution
 L - a +2 battleaxe of flaming
Armour
 g - the +2 plate armour "Ruxzo" {+Inv rElec Str+4}
   (You found it on level 1 of the Lair of Beasts)

   It affects your strength (+4).
   It insulates you from electricity.
   It lets you turn invisible.
 m - a +1 chain mail of fire resistance
 o - a +0 pair of gloves
 q - a +0 ring mail of fire resistance
 s - a scarf of spirit shield (worn)
 t - a +2 leather armour of fire resistance
 y - a +0 shield
 D - a +0 pair of gloves of strength (worn)
 F - the +6 chain mail of the Meadowlark (worn) {-Tele Str+6 Int+5}
   (You found it on level 13 of the Dungeon)

   It affects your strength (+6).
   It affects your intelligence (+5).
   It prevents most forms of teleportation.
 G - a +2 scale mail of fire resistance
 P - a +1 buckler of protection (worn)
Jewellery
 r - a ring of see invisible (right hand)
 O - a cursed +6 ring of protection (left hand)
 R - an amulet of rage (around neck)
 Z - an uncursed ring of flight
Wands
 b - a wand of flame (23)
 x - a wand of random effects (29)
Scrolls
 d - a scroll of acquirement {unknown}
 f - 5 scrolls of enchant weapon
 k - a scroll of identify
 n - a scroll of remove curse
 v - 8 scrolls of teleportation
 S - a scroll of vulnerability {unknown}
Potions
 e - 5 potions of lignification
 h - 3 potions of flight
 l - 4 potions of cancellation
 u - a potion of resistance
 w - 9 potions of curing
 E - 2 potions of ambrosia {unknown}
 I - 6 potions of haste
 J - 5 potions of invisibility
 N - 2 potions of brilliance {unknown}
 X - a potion of might {unknown}
 Y - 2 potions of magic {unknown}
Comestibles
 c - 24 rations


   Skills:
 + Level 14.3 Fighting
 - Level 18.0 Axes
 + Level 14.0 Armour
 + Level 13.0 Dodging
 + Level 9.9 Shields


You had 14 spell levels left.
You didn't know any spells.
Your spell library was empty.

Dungeon Overview and Level Annotations

Branches:
Dungeon (15/15)            Temple (0/1) D:4            Lair (4/6) D:10
 Spider (0/4) Lair:2          Orc (0/2) D:12         Vaults (0/5) D:14
 Depths (0/5) D:15
  Swamp: Lair:2-4    Shoals: Lair:2-4

Altars:
Ashenzari
Cheibriados
Dithmenos
Elyvilon
Gozag
Hepliaklqana
Nemelex Xobeh
Okawaru
Trog
Uskayaw
Xom
Zin
Beogh
Jiyva

Shops:
D:6 *   D:12 ([   D:15 %

Annotations:
Lair:3 Gastronok


Innate Abilities, Weirdness & Mutations

You reflexively headbutt those who attack you in melee.
You have a pair of horns on your head.


Message History

The barbs in your skin will harm you if you move.
Continue?
You are engulfed in calcifying dust.
The catoblepas gores you!!
* * * LOW HITPOINT WARNING * * *
The catoblepas breathes a plume of calcifying dust at you.
The blast of calcifying dust hits you but does no damage.
The blast of calcifying dust hits the manticore.
The manticore is engulfed in calcifying dust.
The manticore stops moving altogether!
The barbed spikes dig painfully into your body as you move.
* * * LOW HITPOINT WARNING * * *
You climb upwards.
Level annotation: Gastronok You feel sick.
There is a stone staircase leading down, spattered with blood here.
Your deep troll goes berserk!
You feel quite a bit more hungry.
You feel sick. The catoblepas misses you.
The catoblepas snuffles in challenge.
The catoblepas breathes a plume of calcifying dust at you.
The blast of calcifying dust hits you.
You die...

. #..... .. ##.#......#
...#######P........#
.......†.$...[..%..####.P
.....w..................P
......†.....?...........P
.......†T................
.[....†.Y(...............
........Y@.........).....
#.##########?............
# ##......##P.# #......>#
# ##......# #......#
#......# #......#
#.......


You could see Gastronok, 2 catoblepae and a friendly deep troll (berserk).

Vanquished Creatures
  Agnes (D:15)
  A fire giant (D:15)
  A white draconian (IceCv)
  Nessos (D:14)
  Josephine (D:15)
  Harold (D:11)
  5 hydras
  10 two-headed ogres
  3 catoblepae
  5 tengu warriors
  2 ogre magi
  A death yak (IceCv)
  A queen ant (D:11)
  A hell knight (Volcano)
  Sonja (Lair:3)
  2 wizards (D:14)
  4 unseen horrors
  A deep elf mage (D:15)
  An orc knight (D:14)
  2 necromancers (D:14)
  A wolf spider zombie (D:12)
  A manticore (D:12)
  2 ugly things
  3 cyclopes
  A wolf spider (D:15)
  The ghost of starandmoonburst the Fighter, a novice MiMo (D:5)
  5 large abominations (D:14)
  Maurice (D:8)
  An ice statue (IceCv)
  Joseph (D:7)
  A molten gargoyle (Volcano)
  7 spiny frogs
  2 gargoyles (D:15)
  An efreet (D:14)
  4 rime drakes
  4 komodo dragons
  A redback zombie (D:13)
  A freezing wraith (D:14)
  3 tengu conjurers
  A kobold demonologist (D:14)
  A yaktaur (D:14)
  A queen bee (shapeshifter) (D:14)
  6 trolls
  3 jumping spiders (Lair:2)
  17 polar bears
  A hornet (D:9)
  3 blink frogs (Lair:1)
  4 slime creatures (D:12)
  4 hippogriffs
  A meliai zombie (D:14)
  4 redbacks (Lair:2)
  5 wyverns
  Sigmund (D:6)
  2 water elementals
  8 fire bats
  38 yaks
  A basilisk (D:13)
  A human (shapeshifter) (D:13)
  5 wraiths
  6 vampire mosquitoes
  2 hungry ghosts
  A redback simulacrum (D:15)
  Menkaure (D:4)
  An acid dragon (shapeshifter) (D:15)
  21 soldier ants
  An acid dragon (D:13)
  A porcupine (Lair:1)
  5 water moccasins
  5 sky beasts
  A black bear (D:10)
  2 hornet zombies
  20 orc warriors
  6 ice beasts
  An eye of draining (D:15)
  A necrophage (D:14)
  2 phantoms
  8 ogres
  16 wolves
  6 centaurs
  5 crocodiles
  2 elf zombies (Ossuary)
  11 bullfrogs
  7 small abominations (D:14)
  5 scorpions
  11 killer bees
  3 wights (D:7)
  2 electric eels
  2 howler monkeys
  8 crimson imps
  A bullfrog zombie (D:12)
  5 hounds
  10 centaur zombies
  3 human zombies (Ossuary)
  6 lava snakes (Volcano)
  A quasit (D:10)
  7 jellies
  4 centaur skeletons
  9 orc priests
  12 orc wizards
  5 iguanas
  Terence (D:2)
  3 bullfrog skeletons
  29 worker ants
  3 mummies (Ossuary)
  A howler monkey zombie (D:9)
  6 gnolls
  13 adders
  2 shadow imps
  2 white imps (D:15)
  An ufetubus (D:15)
  5 oozes (D:8)
  An adder skeleton (D:6)
  3 worms
  5 leopard geckos
  96 orcs
  10 bats
  2 giant cockroaches
  8 goblins
  13 hobgoblins
  8 jackals
  14 kobolds
  4 quokkas
  7 frilled lizards
  2 leopard gecko skeletons
  A quokka zombie (D:6)
  6 rats
  A plant (D:10)
666 creatures vanquished.

Vanquished Creatures (others)
  A wolf (IceCv)
1 creature vanquished.

Grand Total: 667 creatures vanquished

Notes
Turn   | Place    | Note
-------+----------+-------------------------------------------
     0 | D:1      | r3xj the Minotaur Berserker began the quest for the Orb.
     0 | D:1      | Reached XP level 1. HP: 19/19 MP: 0/0
   139 | D:1      | Reached skill level 4 in Axes
   141 | D:1      | Reached XP level 2. HP: 20/27 MP: 1/1
   367 | D:1      | Reached ** piety under Trog
   395 | D:1      | Reached XP level 3. HP: 25/33 MP: 2/2
   667 | D:2      | Found an iron altar of Okawaru.
   792 | D:2      | Found a faded altar of an unknown god.
  1072 | D:2      | Reached XP level 4. HP: 38/40 MP: 3/3
  1084 | D:2      | Reached skill level 5 in Axes
  1251 | D:2      | Reached *** piety under Trog
  1274 | D:2      | Noticed Terence
  1277 | D:2      | Killed Terence
  1372 | D:2      | Found a hazy altar of Hepliaklqana.
  1544 | D:3      | Reached XP level 5. HP: 39/47 MP: 4/4
  1646 | D:3      | Found an opulent altar of Gozag.
  1672 | D:3      | Found a bloodstained altar of Trog.
  1772 | D:3      | Found a shadowy altar of Dithmenos.
  1773 | D:3      | Found a shimmering altar of Xom.
  1777 | D:3      | Found a sparkling altar of Nemelex Xobeh.
  1778 | D:3      | Found a white marble altar of Elyvilon.
  1888 | D:3      | You fall into a shaft and drop 3 floors!
  1888 | D:6      | Noticed a centaur
  1896 | D:6      | Killed a centaur
  1896 | D:6      | Reached skill level 5 in Fighting
  1896 | D:6      | Reached skill level 6 in Axes
  1896 | D:6      | Reached XP level 6. HP: 33/56 MP: 5/5
  2123 | D:6      | Got a faintly humming ring mail
  2135 | D:6      | Identified the cursed +0 ring mail of a volcano {rPois
                  | Regen+ Str-2 Int+4} (You found it on level 6 of the
                  | Dungeon)
  2172 | D:5      | Entered Level 5 of the Dungeon
  2332 | D:4      | Reached XP level 7. HP: 61/61 MP: 6/6
  2422 | D:3      | Reached skill level 7 in Axes
  2802 | D:4      | Found a sand-covered staircase.
  2817 | Ossuary  | Entered an ossuary
  2835 | Ossuary  | Reached **** piety under Trog
  2912 | Ossuary  | Reached skill level 5 in Armour
  3015 | Ossuary  | Reached skill level 8 in Axes
  3020 | Ossuary  | Reached XP level 8. HP: 70/70 MP: 7/7
  3087 | D:4      | Received a gift from Trog
  3175 | D:4      | Found a staircase to the Ecumenical Temple.
  3175 | D:4      | Noticed Menkaure
  3176 | D:4      | Found the +3 robe of Clouds {+Thunder rCloud rElec}
  3182 | D:4      | Killed Menkaure
  3182 | D:4      | Reached skill level 5 in Dodging
  3607 | D:5      | Reached skill level 9 in Axes
  3669 | D:5      | Found a runed translucent door.
  3671 | D:5      | Got a smoking dagger
  3678 | D:5      | Noticed starandmoonburst's ghost (novice MiMo)
  3697 | D:5      | Killed starandmoonburst's ghost
  3793 | D:5      | Found a snail-covered altar of Cheibriados.
  3847 | D:5      | Got an iridescent dagger
  4087 | D:5      | Reached XP level 9. HP: 79/79 MP: 8/8
  4279 | D:6      | Found Qozuasm's Assorted Antiques.
  4335 | D:6      | Reached ***** piety under Trog
  4544 | D:6      | Reached skill level 10 in Axes
  4837 | D:6      | Noticed Sigmund
  4848 | D:6      | Killed Sigmund
  5357 | D:7      | Noticed Joseph
  5364 | D:7      | Killed Joseph
  5520 | D:7      | Found a hide-covered altar of Uskayaw.
  5523 | D:7      | Reached skill level 11 in Axes
  5853 | D:8      | Noticed Maurice
  5865 | D:8      | Identified the +5 dagger of Entrepreneurial Spirit {pierce,
                  | rF+ MR- SInv} (You found it on level 5 of the Dungeon)
  5865 | D:8      | Killed Maurice
  5865 | D:8      | Reached XP level 10. HP: 90/90 MP: 9/9
  6016 | D:8      | Found a roughly hewn altar of Beogh.
  6050 | D:8      | Received a gift from Trog
  6331 | D:8      | Found a viscous altar of Jiyva.
  6677 | D:9      | Noticed a two-headed ogre
  6682 | D:9      | Killed a two-headed ogre
  6682 | D:9      | Received a gift from Trog
  6682 | D:9      | Reached skill level 12 in Axes
  7388 | D:9      | Found a glowing silver altar of Zin.
  7389 | D:9      | Noticed an angel
  7980 | D:10     | Entered Level 10 of the Dungeon
  7991 | D:10     | Noticed an eight-headed hydra
  8000 | D:10     | Killed a 13-headed hydra
  8000 | D:10     | Reached skill level 13 in Axes
  8000 | D:10     | Reached XP level 11. HP: 66/99 MP: 10/10
  8255 | D:10     | Reached skill level 10 in Fighting
  8274 | D:10     | Found a staircase to the Lair.
  8750 | D:11     | Noticed an unseen horror
  8761 | D:11     | Killed an unseen horror
  8920 | D:11     | Reached ****** piety under Trog
  8945 | D:11     | Noticed a queen ant
  8959 | D:11     | Killed a queen ant
  8959 | D:11     | Reached skill level 10 in Armour
  8961 | D:11     | Received a gift from Trog
  9008 | D:11     | Reached skill level 14 in Axes
  9182 | D:11     | Noticed Harold
  9200 | D:11     | Killed Harold
  9375 | D:11     | Noticed a brown ugly thing
  9385 | D:11     | Killed a brown ugly thing
  9385 | D:11     | Reached skill level 1 in Shields
  9965 | D:12     | Noticed a tengu warrior
  9983 | D:12     | Killed a tengu warrior
  9983 | D:12     | Reached XP level 12. HP: 110/110 MP: 11/11
  9986 | D:12     | Noticed a two-headed ogre
 10008 | D:12     | Killed a two-headed ogre
 10008 | D:12     | Reached skill level 10 in Dodging
 10254 | D:12     | Reached skill level 15 in Axes
 10293 | D:12     | Received a gift from Trog
 10522 | D:12     | Found a roughly hewn altar of Beogh.
 10987 | D:12     | Found a staircase to the Orcish Mines.
 10987 | D:12     | Found Gasenkei's Weapon Shop.
 10987 | D:12     | Found Zucrat's Armour Shop.
 11001 | D:12     | Bought a +0 pair of gloves of strength for 161 gold pieces
 11119 | D:12     | Noticed a four-headed hydra
 11135 | D:12     | Killed a ten-headed hydra
 11397 | D:13     | Noticed a catoblepas
 11410 | D:13     | Killed a catoblepas
 11425 | D:13     | Got a twisted chain mail
 11426 | D:13     | Identified the +6 chain mail of the Meadowlark {-Tele Str+6
                  | Int+5} (You found it on level 13 of the Dungeon)
 11532 | D:13     | Noticed a catoblepas
 11544 | D:13     | Killed a catoblepas
 11544 | D:13     | Reached skill level 16 in Axes
 11726 | D:13     | Reached XP level 13. HP: 114/118 MP: 12/12
 11834 | D:13     | Reached skill level 5 in Shields
 12638 | D:14     | Noticed Nessos
 12668 | D:14     | Killed Nessos
 13707 | D:14     | Found a gate to the Vaults.
 13714 | D:14     | Received a gift from Trog
 14103 | D:15     | Entered Level 15 of the Dungeon
 14107 | D:15     | Found a shattered altar of Ashenzari.
 14172 | D:15     | Noticed Agnes
 14181 | D:15     | Killed Agnes
 14310 | D:15     | Found Zimi's Food Boutique.
 14323 | D:15     | Noticed Josephine
 14332 | D:15     | Killed Josephine
 14381 | D:15     | Reached skill level 17 in Axes
 14387 | D:15     | Reached XP level 14. HP: 81/129 MP: 10/13
 14576 | D:15     | Found a frozen archway.
 14660 | IceCv    | Entered an ice cave
 14807 | IceCv    | Received a gift from Trog
 15294 | D:15     | Found a staircase to the Depths.
 15295 | D:15     | Noticed a fire giant
 15311 | D:15     | Killed a fire giant
 15321 | D:15     | Found a sparkling altar of Nemelex Xobeh.
 15740 | D:15     | Found a shimmering altar of Xom.
 16126 | Lair:1   | Entered Level 1 of the Lair of Beasts
 16279 | Lair:1   | Reached skill level 18 in Axes
 16360 | Lair:1   | Got a warped plate armour
 16371 | Lair:1   | Identified the +2 plate armour "Ruxzo" {+Inv rElec Str+4}
                  | (You found it on level 1 of the Lair of Beasts)
 16437 | Lair:1   | Found a dark tunnel.
 16446 | Volcano  | Entered a volcano
 16503 | Volcano  | Received a gift from Trog
 16567 | Volcano  | Found a bloodstained altar of Trog.
 17120 | Lair:2   | Found a hole to the Spider Nest.
 17160 | Lair:2   | Reached XP level 15. HP: 136/138 MP: 14/14
 17217 | Lair:2   | You fall into a shaft and drop 2 floors!
 17431 | Lair:3   | Noticed Sonja
 17476 | Lair:3   | Killed Sonja
 17478 | Lair:3   | Noticed Gastronok
 17482 | Lair:3   | HP: 6/139 [Gastronok/the air (28)]
 17488 | Lair:4   | HP: 6/139 [catoblepas (19)]
 17489 | Lair:3   | HP: 2/139 [poisoned by Sonja (curare-tipped dart)]
 17490 | Lair:3   | Killed from afar by a catoblepas

Levels and vault maps discovered:
D:1:      minmay_arrival_four_houses, layout_loops_ring
D:2:      layout_basic, nicolae_overflow_hidden_temple, okawaru_trees_2,
          chequers_ecumenical_altar_simple_redux, uniq_terence
D:3:      layout_basic, lightli_temple_of_fire, minitemple, first_ration,
          item_on_display_b
D:4:      layout_loops_ring, minmay_temple_entry_junction, enter_ossuary_1,
          uniq_menkaure
D:5:      layout_cave_pools, cheibriados_altar_1, ebering_ghost_sewer_d,
          dk_vineyard_3
D:6:      layout_basic, serial_bayou, serial_bayou_shore_a,
          serial_bayou_shore_b, serial_bayou_pond_c, serial_bayou_shore_b,
          serial_shops, shop_fountains, uniq_sigmund
D:7:      minmay_skewed_foursquare, layout_rooms,
          eat_drink_and_be_merry_uskayaw, uniq_joseph
D:8:      layout_gridville, special_room [special_room_orc],
          hangedman_little_slice_of_home, uniq_maurice
D:9:      layout_loops_ring, zin_angel, nrook_loot_triangle
D:10:     layout_loops_ring, dpeg_oklobed_lair
D:11:     layout_small_grid, minivault_29, uniq_harold
D:12:     layout_roguey [special_room_orc], orc_david_3
D:13:     layout_gridville
D:14:     layout_loops_corners, david_vaults_1, kennysheep_cross_landing,
          laboratory, uniq_nessos
D:15:     grunt_enter_depths_giant_problem, layout_loops_cross,
          ashenzari_altar_1, serial_ice, serial_ice_a, serial_ice_c,
          serial_ice_n, serial_ice_j, portal_ice_cave_entry_pillars_2,
          serial_shops, nicolae_shop_trees, minmay_misc_feat_hallway,
          dk_noncrumbling_3, hangedman_feature_mirror, uniq_josephine,
          uniq_agnes
Lair:1:   beast_lair_carwin_large_2, layout_gridlike,
          nicolae_volcano_entry_batcave, lemuel_fruit_tree
Lair:2:   layout_gridlike, nicolae_spider_entry_tight_spaces
Lair:3:   layout_big_grid, elwin_shoals_entry_rooms, uniq_sonja, uniq_gastronok
Lair:4:   nzn_motion_control, layout_big_grid

Skill      XL: |  1  2  3  4  5  6  7  8  9 10 11 12 13 14 15 |
---------------+----------------------------------------------+-----
Axes           | 4 5 6 8 9 11 13 14 16 17 18 | 18.0
Fighting       | 4 5 6 7 8 9 11 12 13 14 | 14.3
Armour         | 3 4 5 6 7 9 10 11 12 13 14 | 14.0
Dodging        | 3 4 5 7 8 9 10 11 12 13 | 13.0
Shields        | 2 4 7 9 |  9.9

Action                   |  1- 3 |  4- 6 |  7- 9 | 10-12 | 13-15 || total
-------------------------+-------+-------+-------+-------+-------++-------
Melee: Hand axe          |   108 |    77 |   169 |       |       ||   354
       Headbutt          |    10 |    14 |    45 |   134 |   179 ||   382
       War axe           |       |       |    62 |   614 |    66 ||   742
       Broad axe         |       |       |       |       |   545 ||   545
       Unarmed           |       |       |       |       |     2 ||     2
Invok: Berserk           |       |     4 |    13 |    16 |    15 ||    48
       Brothers in Arms  |       |       |       |       |     1 ||     1
Evoke: Lightning rod     |       |       |       |     4 |       ||     4
  Use: Scroll            |       |     1 |    11 |     4 |     9 ||    25
       Potion            |       |       |       |       |     3 ||     3
 Stab: Distracted        |       |       |       |       |     1 ||     1
  Eat: Chunk             |       |     7 |    16 |    25 |    10 ||    58
       Ration            |       |       |     2 |     4 |     7 ||    13
Armor: Animal skin       |    14 |       |       |       |       ||    14
       Ring mail         |    15 |    14 |    48 |    13 |       ||    90
       Scale mail        |       |    16 |       |       |       ||    16
       Plate armour      |       |       |       |   248 |       ||   248
       Chain mail        |       |       |       |     9 |   252 ||   261
Dodge: Dodged            |    81 |    47 |   167 |   315 |   349 ||   959
Block: Buckler           |       |       |       |    11 |   158 ||   169

Table legend:
 A = Non-vault XP
 B = Vault XP
 C = Vault XP percentage of total XP
 D = Non-vault monster count
 E = Vault monster count
 F = Vault count percentage of total count
                 A         B        C        D         E       F
            +---------+---------+-------+---------+---------+-------
      Total |   57340 |   51476 |  47.3 |     408 |     258 |  38.7
            +---------+---------+-------+---------+---------+-------
        D:1 |      42 |       0 |   0.0 |      26 |       0 |   0.0
        D:2 |      75 |      36 |  32.4 |      31 |       1 |   3.1
        D:3 |     140 |       0 |   0.0 |      28 |       0 |   0.0
        D:4 |     298 |     175 |  37.0 |      15 |       1 |   6.2
        D:5 |     610 |     530 |  46.5 |      21 |       3 |  12.5
        D:6 |     713 |     208 |  22.6 |      16 |       1 |   5.9
        D:7 |     941 |     633 |  40.2 |      21 |       4 |  16.0
        D:8 |    1126 |     606 |  35.0 |      18 |      33 |  64.7
        D:9 |    3485 |       0 |   0.0 |      27 |       0 |   0.0
       D:10 |    2169 |       0 |   0.0 |      18 |       0 |   0.0
       D:11 |    2064 |    5668 |  73.3 |      16 |      42 |  72.4
       D:12 |   13007 |    1965 |  13.1 |      46 |      32 |  41.0
       D:13 |    5344 |       0 |   0.0 |      29 |       0 |   0.0
       D:14 |    5399 |    8518 |  61.2 |      31 |      21 |  40.4
       D:15 |   13543 |    7465 |  35.5 |      31 |      17 |  35.4
     Lair:1 |    3153 |    1715 |  35.2 |      14 |       9 |  39.1
     Lair:2 |     592 |    1736 |  74.6 |       2 |       7 |  77.8
     Lair:3 |    2167 |     795 |  26.8 |      12 |       1 |   7.7
     Lair:4 |    2472 |       0 |   0.0 |       6 |       0 |   0.0
    Ossuary |       0 |     692 | 100.0 |       0 |      15 | 100.0
      IceCv |       0 |   12900 | 100.0 |       0 |      52 | 100.0
    Volcano |       0 |    7834 | 100.0 |       0 |      19 | 100.0
            +---------+---------+-------+---------+---------+-------
